 Dungeon Crawl Stone Soup version 0.31-a0-354-g827e0957a7 (webtiles) character file.

Game seed: 614283243120729900

407 tsouns the Ruffian (level 6, 0/37 HPs)
             Began as a Tengu Shapeshifter on July 24, 2023.
             Was a Believer of Qazlal.
             Asphyxiated
             ... in a sewer.
             The game lasted 00:06:13 (3254 turns).

tsouns the Ruffian (Tengu Shapeshifter)             Turns: 3254, Time: 00:06:14

Health: 0/37       AC: 10    Str: 18    XL:     6   Next: 88%
Magic:  8/8        EV:  6    Int:  8    God:    Qazlal [**....]
Gold:   847        SH:  3    Dex: 14    Spells: 5/5 levels left

rFire   + .          .
                       - Unarmed
rCold   . . .        (no shield)
rNeg    . . .        j - +0 plate armour
rPois   .            (helmet currently unavailable)
rElec   .            (cloak currently unavailable)
rCorr   .            (gloves currently unavailable)
SInv    .            (boots unavailable)
Will    .....        (no amulet) Stlth
                     r - ring of protection from fire
HPRegen 0.26/turn    (no ring)
MPRegen 0.11/turn

%: no passive effects
@: lethally poisoned (0 -> -31), beast-form, flying quickly and evasively,
slowed, very slow
A: beast (slay +2), flying, beak, talons 3, nimble flight
a: Begin Untransformation, Renounce Religion, Upheaval


You were in a sewer.
You worshipped Qazlal.
Qazlal was pleased with you.
You were a hulking beast.
You visited 1 branch of the dungeon, and saw 5 of its levels.
You also visited: Sewer.

You collected 847 gold pieces.

Inventory:

Hand Weapons
 i - a +2 short sword of venom
Armour
 a - a +0 animal skin
 g - an orb of wrath
 j - a +0 plate armour (worn)
Jewellery
 r - a ring of protection from fire (left hand)
Talismans
 c - a beast talisman
Scrolls
 b - a scroll of brand weapon {unknown}
 d - 2 scrolls of teleportation
 e - a scroll of vulnerability {unknown}
 p - a scroll of blinking {unknown}
 q - 2 scrolls of revelation {unknown}
Potions
 f - a potion of haste
 h - a potion of mutation
 k - a potion of brilliance
 l - a potion of might {unknown}
 m - a potion of curing
 n - 2 potions of attraction {unknown}
 o - 2 potions of invisibility {unknown}


   Skills:
 + Level 3.1 Fighting
 - Level 2.1 Dodging
 * Level 5.8 Unarmed Combat
 + Level 2.3 Invocations
 + Level 3.5 Shapeshifting


You had 5 spell levels left.
You didn't know any spells.
Your spell library contained the following spells:

 Spells                   Type           Power      Damage    Failure   Level
 Lesser Beckoning         Tloc           0%         N/A       100%        2
 Gell's Gravitas          Tloc           0%         N/A       100%        3
 Teleport Other           Tloc           0%         N/A       100%        3


Dungeon Overview and Level Annotations

Branches:
Dungeon (5/15)              Sewer (1/1)
 Temple: D:4-7

Altars:
Qazlal


Innate Abilities, Weirdness & Mutations

You are a hulking beast.
Your limbs bulge with bestial killing power. (Slay +2)
You are flying.
You have a beak for a mouth.
You have claws for feet.
Your magical nature lets you fly swiftly and evasively.


Message History

No target in view!
No target in view!
No target in view!
You reach down and open the large door.
A kobold and 2 kobold brigands come into view.
A kobold brigand is wielding a +0 whip and quivering curare-tipped darts.
A kobold brigand is wielding a +0 whip and quivering curare-tipped darts.
The kobold shouts!
The kobold brigand shouts! x2
Found a scroll labelled NAFEMP ALONU.
Found a gate leading back out of this place.
Okay, then.
Okay, then.
Okay, then.
r - a ring of protection from fire (left hand)
You barely miss the kobold. You claw the kobold.
You kill the kobold!
Qazlal accepts your kill.
The kobold brigand throws a curare-tipped dart.
The curare-tipped dart barely misses you.
The kobold brigand throws a curare-tipped dart.
The curare-tipped dart hits you.
You are poisoned.
You have difficulty breathing.
You feel yourself slow down.
You feel sick.
The kobold brigand throws a curare-tipped dart.
The curare-tipped dart hits you.
You are more poisoned.
You have difficulty breathing.
You feel as though you will be slow longer.
The kobold brigand throws a curare-tipped dart.
The curare-tipped dart hits you.
You are lethally poisoned!
You have difficulty breathing.
You feel as though you will be slow longer.
* * * LOW HITPOINT WARNING * * *
You feel extremely sick.
The kobold brigand throws a curare-tipped dart.
The curare-tipped dart hits you.
You are more poisoned.
You have difficulty breathing.
You die...

~############~~########'###
~~~~~~~~~~~~~~~~~~~~~~~~~≈#
≈≈≈≈≈~≈≈≈≈≈~≈≈≈≈≈~≈≈≈≈≈~≈≈#
~~~~~~~~~~~~~~~~~~~~~~~~~≈#
#######~~~#################
P...P~~~~~P~~....#....#
~..P~~..~~~~.....'..∩.#
..........P....°P)KK.?#
................h#
.................#
........P......P##
.....##..†......#
#...####..####### #####
####


You could see 2 kobold brigands.

Vanquished Creatures
  An ogre (D:3)
  A scorpion (D:4)
  A gnoll bouda (D:4)
  An orc priest (D:5)
  Natasha (thrice) (D:4)
  6 gnolls (D:4)
  A white imp (D:5)
  6 orcs
  5 bats
  11 endoplasms
  4 giant cockroaches
  A hobgoblin (D:2)
  2 quokkas
  5 ball pythons
  A frilled lizard (D:3)
  9 goblins
  5 kobolds
  5 rats
68 creatures vanquished.

Notes
Turn   | Place    | Note
-------+----------+-------------------------------------------
     0 | D:1      | tsouns the Tengu Shapeshifter began the quest for the Orb.
     0 | D:1      | Reached XP level 1. HP: 12/12 MP: 2/2
   258 | D:1      | Found a faded altar of an unknown god.
   278 | D:1      | Prayed at the altar of an unknown god.
   278 | D:1      | Became a worshipper of Qazlal Stormbringer
   278 | D:1      | Reached * piety under Qazlal
   699 | D:1      | Reached XP level 2. HP: 16/16 MP: 3/3
  1347 | D:3      | Reached XP level 3. HP: 20/20 MP: 4/4
  1447 | D:3      | Reached skill level 4 in Unarmed Combat
  1568 | D:3      | Reached ** piety under Qazlal
  1661 | D:3      | Noticed an ogre
  1737 | D:3      | Killed an ogre
  1738 | D:3      | Reached skill level 1 in Invocations
  1738 | D:3      | Reached XP level 4. HP: 21/26 MP: 5/5
  1738 | D:3      | Gained mutation: Your magical nature lets you fly swiftly
                  | and evasively. [Tengu growth]
  1738 | D:3      | Reached XP level 5. HP: 24/30 MP: 6/6
  2051 | D:4      | Noticed Natasha
  2061 | D:4      | Killed Natasha
  2070 | D:4      | Noticed Natasha
  2075 | D:4      | Killed Natasha
  2076 | D:4      | Reached skill level 5 in Unarmed Combat
  2200 | D:4      | Identified a scroll of acquirement
  2200 | D:4      | Acquired 672 gold pieces
  2374 | D:4      | Reached XP level 6. HP: 34/36 MP: 8/8
  2455 | D:4      | Noticed Natasha
  2462 | D:4      | Killed Natasha
  2977 | D:5      | Entered Level 5 of the Dungeon
  3005 | D:5      | Found a glowing drain.
  3167 | Sewer    | Entered a sewer
  3254 | Sewer    | Asphyxiated

Illustrated notes

Levels and vault maps discovered:
D:1:      lightli_arrival_maybe_door_vault, layout_basic,
          hellmonk_ecumenical_altar_run_dry
D:2:      layout_basic
D:3:      layout_loops_ring
D:4:      layout_layer_cave, minmay_strange_pillars, uniq_natasha
D:5:      minmay_general_purpose_star, layout_layer_cave, temple_hall,
          cheibrodos_sewer_entry_drain, grunt_ministairs_11
Sewer:    kennysheep_pipe_town

Skill      XL: |  1  2  3  4  5  6 |
---------------+-------------------+-----
Unarmed Combat | 4 5 |  5.8
Fighting       | 2 3 |  3.1
Invocations    | 1 2 |  2.3
Shapeshifting  | 3 |  3.5
Dodging        | |  2.1

Action                     |  1- 3 |  4- 6 || total
---------------------------+-------+-------++-------
  Melee: Unarmed           |    59 |    77 ||   136
         Kick              |    11 |    20 ||    31
         Peck              |     5 |    13 ||    18
         Punch             |       |     2 ||     2
    Use: Scroll            |     4 |     1 ||     5
         Potion            |     2 |     1 ||     3
 Armour: Plate armour      |    15 |    33 ||    48
  Dodge: Dodged            |    13 |    16 ||    29
  Block: Other             |     3 |     5 ||     8

Table legend: (Time is in decaauts)
 A = Elapsed time spent in this place.
 B = Non-inter-level travel time spent in this place.
 C = Inter-level travel time spent in this place.
 D = Time resting spent in this place.
 E = Time spent auto-exploring this place.
 F = Levels seen in this place.
 G = Mean time per level.
                   A        B        C        D        E       F      G
               +--------+--------+--------+--------+--------+-----+--------+
         Total |   3121 |   3054 |     67 |      0 |   2559 |   6 |  520.2 |
       Dungeon |   3042 |   2975 |     67 |      0 |   2509 |   5 |  608.4 |
         Sewer |     78 |     78 |      0 |      0 |     49 |   1 |   78.0 |
               +--------+--------+--------+--------+--------+-----+--------+

Top non-repeatable levels by time:
     D:4: 969 daAuts
     D:1: 760 daAuts
     D:3: 586 daAuts
     D:2: 545 daAuts
     D:5: 180 daAuts
   Sewer: 78 daAuts
